 Dungeon Crawl Stone Soup version 0.26.0-41-g79a4fc7684 (webtiles) character file.

Game seed: 18420424896298504699

320 thiole the Sneak (level 6, 0/38 HPs)
             Began as an Octopode Hedge Wizard on Jan 26, 2021.
             Slain by a bullfrog (8 damage)
             ... on level 6 of the Dungeon.
             The game lasted 00:09:58 (6677 turns).

thiole the Sneak (Octopode Hedge Wizard)            Turns: 6677, Time: 00:09:58

Health: 0/38       AC:  1    Str: 10    XL:     6   Next: 46%
Magic:  3/12       EV: 13    Int: 18    God:
Gold:   204        SH:  0    Dex: 11    Spells: 4/13 levels left

rFire    . . .     SeeInvis .   k - +0 dagger (holy)
rCold    . . .     Faith    .   (no shield)
rNeg     . . .     Spirit   .   b - +0 hat
rPois    +         Reflect  .   g - amulet of the acrobat
rElec    .         Harm     .   y - ring of poison resistance
rCorr    .         Rampage  .   (no ring)
Will     .....                  (no ring)
Stlth    ++++......             (no ring)
HPRegen  0.12/turn              (no ring)
MPRegen  0.13/turn              (no ring)
                                (no ring)
                                (no ring)

@: no status effects
A: almost no armour, stealthy swim, amphibious, 8 rings, constrict 8, camouflage
1, gelatinous body 1
a: no special abilities


You were on level 6 of the Dungeon.
You visited 1 branch of the dungeon, and saw 6 of its levels.

You collected 204 gold pieces.

Inventory:

Hand Weapons
 a - a +0 dagger
 k - a +0 dagger of holy wrath (weapon)
 v - a +1 great mace of protection
Armour
 b - a +0 hat (worn)
Jewellery
 g - an amulet of the acrobat (around mantle)
 y - a ring of poison resistance (left tentacle)
Wands
 q - a wand of polymorph (10)
 w - a wand of disintegration (17)
 x - a wand of acid (7)
Scrolls
 c - 2 scrolls of remove curse
 e - 2 scrolls of identify {unknown}
 f - 2 scrolls of amnesia
 i - 2 scrolls of fog {unknown}
 l - 2 scrolls of teleportation
 m - 2 scrolls of magic mapping {unknown}
 n - a scroll of fear {unknown}
 t - a scroll of random uselessness {unknown}
 u - a scroll of noise {unknown}
 z - a scroll of enchant armour {unknown}
 A - a scroll of silence {unknown}
Potions
 d - 4 potions of curing {unknown}
 h - a potion of flight {unknown}
 j - 2 potions of heal wounds {unknown}
 o - a potion of brilliance {unknown}
 p - 2 potions of ambrosia {unknown}
 r - a potion of mutation {unknown}
 s - a potion of degeneration {unknown}


   Skills:
 + Level 1.5 Fighting
 - Level 2.0 Dodging
 - Level 5.0 Stealth
 - Level 4.0 Spellcasting
 - Level 2.0 Conjurations
 - Level 2.0 Summonings
 - Level 2.0 Translocations
 - Level 2.0 Air Magic
 - Level 2.0 Poison Magic


You had 4 spell levels left.
You knew the following spells:

 Your Spells              Type           Power        Failure   Level
a - Magic Dart            Conj           40%          6%          1
b - Call Imp              Summ           10%          10%         2
c - Blink                 Tloc           N/A          10%         2
d - Mephitic Cloud        Conj/Pois/Air  10%          19%         3
e - Apportation           Tloc           20%          6%          1

Your spell library contained the following spells:

 Spells                   Type           Power        Failure   Level
 Summon Small Mammal      Summ           40%          6%          1
 Animate Skeleton         Necr           6%           14%         1
 Corona                   Hex            3%           14%         1
 Slow                     Hex            3%           22%         2
 Conjure Flame            Conj/Fire      7%           28%         3


Dungeon Overview and Level Annotations

Branches:
Dungeon (6/15)
 Temple: D:4-7

Altars:
Elyvilon
Makhleb
Qazlal

Annotations:
D:3 1 runed translucent door, Crazy Yiuf


Innate Abilities, Weirdness & Mutations

You cannot wear most types of armour.
You are very stealthy in the water. (Stealth+)
You are amphibious.
You can wear up to eight rings at the same time.
You can use your tentacles to constrict eight enemies at once.
Your skin changes colour to match your surroundings (Stealth+).
Your rubbery body absorbs attacks. (AC +1, EV +1)


Message History

Your crimson imp hits the bullfrog.
Your crimson imp closely misses the bullfrog.
The centaur skeleton hits your crimson imp.
Your crimson imp completely misses the centaur skeleton.
Your crimson imp hits the centaur skeleton.
The bullfrog hits you.
There is a stone staircase leading up here.
You hit the bullfrog. Your grab misses the bullfrog.
The bullfrog is heavily wounded.
The bullfrog hits you.
* * * LOW HITPOINT WARNING * * *
You hit the bullfrog. Your grab misses the bullfrog.
The bullfrog is heavily wounded.
The bullfrog hits you.
* * * LOW HITPOINT WARNING * * *
The bullfrog barely misses you.
You miss the bullfrog. Your grab misses the bullfrog. You squeeze the bullfrog.
The bullfrog is severely wounded.
The bullfrog hits you!
You die...

.......####.Z....
#..F.§o....
##o########.
#..5# #.Z.# #...#
#...# #..5#######
#...ZF@...#
#...#####.#
......[) ..#
......... ....
.......... ...#.
#####...### ....
.. #.... .###W .
#... ## #.


You could see a bullfrog, a centaur skeleton and a friendly crimson imp
(summoned).

Vanquished Creatures
  An orc priest (D:3)
  A hound (D:5)
  Jessica (D:3)
  A gnoll (D:5)
  2 adders
  A white imp (D:5)
  An ooze (D:3)
  An adder skeleton (D:5)
  4 worms
  6 dart slugs
  5 leopard geckos
  5 orcs
  5 giant cockroaches
  10 goblins
  5 hobgoblins
  12 jackals
  4 quokkas
  2 ball pythons
  12 bats
  6 frilled lizards
  10 kobolds
  6 rats
101 creatures vanquished.

Vanquished Creatures (collateral kills)
  2 worker ants
  Robin (D:3)
  2 gnolls (D:5)
  4 orcs (D:3)
  6 goblins (D:3)
  2 hobgoblins (D:3)
17 creatures vanquished.

Grand Total: 118 creatures vanquished

Notes
Turn   | Place    | Note
-------+----------+-------------------------------------------
     0 | D:1      | thiole the Octopode Hedge Wizard began the quest for the
                  | Orb.
     0 | D:1      | Reached XP level 1. HP: 11/11 MP: 4/4
   108 | D:1      | Reached XP level 2. HP: 17/17 MP: 4/6
   369 | D:1      | Reached skill level 3 in Stealth
   665 | D:1      | Reached XP level 3. HP: 21/21 MP: 0/7
  1372 | D:1      | Learned a level 2 spell: Call Imp
  1375 | D:1      | Learned a level 2 spell: Blink
  1379 | D:1      | Learned a level 3 spell: Mephitic Cloud
  1872 | D:2      | Reached XP level 4. HP: 27/27 MP: 4/8
  2413 | D:2      | Reached skill level 1 in Poison Magic
  2538 | D:2      | Reached skill level 1 in Air Magic
  2877 | D:2      | Found a stormy altar of Qazlal.
  3147 | D:3      | Noticed Robin
  3159 | D:3      | Killed Robin
  3175 | D:3      | Reached XP level 5. HP: 29/31 MP: 3/10
  4296 | D:3      | Noticed Jessica
  4303 | D:3      | Killed Jessica
  4304 | D:3      | Reached skill level 4 in Stealth
  4443 | D:3      | Found a runed translucent door.
  4444 | D:3      | Noticed Crazy Yiuf
  4896 | D:4      | Noticed a phantom
  4959 | D:4      | Reached XP level 6. HP: 22/37 MP: 3/11
  5306 | D:4      | Learned a level 1 spell: Apportation
  5678 | D:5      | Entered Level 5 of the Dungeon
  5765 | D:5      | Found a white marble altar of Elyvilon.
  5837 | D:5      | Reached skill level 1 in Fighting
  5916 | D:5      | Found a burning altar of Makhleb.
  6353 | D:5      | Reached skill level 5 in Stealth
  6644 | D:6      | Noticed a phantom
  6677 | D:6      | Slain by a bullfrog

Illustrated notes

Levels and vault maps discovered:
D:1:      psy_arrival_statuary, layout_basic, serial_rivers,
          chequers_serial_rivers_large_a, chequers_serial_rivers_small_3,
          chequers_serial_rivers_micro_c, chequers_serial_rivers_micro_a,
          chequers_serial_rivers_micro_e, chequers_serial_rivers_small_3,
          dk_noncrumbling_4, minmay_tromino_v4_b
D:2:      layout_rooms, lemuel_coloured_pillars_altar,
          amcnicky_mini_rare_corridor_liquid, minmay_misc_feat_square
D:3:      layout_basic, uniq_jessica, uniq_crazy_yiuf_cottage, uniq_robin
D:4:      layout_rooms, minmay_temple_entry_antechambers, lemuel_flame_loot_1
D:5:      layout_cave_pools, elyvilon_altar_5, lemuel_crystal_altar
D:6:      layout_loops_cross, uniq_edmund

Skill      XL: |  1  2  3  4  5  6 |
---------------+-------------------+-----
Stealth        | 3 4 5 |  5.0
Conjurations   | 2 |  2.0
Summonings     | 2 |  2.0
Poison Magic   | 1 2 |  2.0
Air Magic      | 1 2 |  2.0
Translocations | 2 |  2.0
Fighting       | 1 |  1.5
Spellcasting   | 4 |  4.0
Dodging        | |  2.0

Action                   |  1- 3 |  4- 6 || total
-------------------------+-------+-------++-------
Melee: Dagger            |    21 |   102 ||   123
       Constrict         |     7 |    23 ||    30
       Tentacles         |     4 |    20 ||    24
 Cast: Magic Dart        |    71 |   173 ||   244
       Call Imp          |       |    24 ||    24
       Apportation       |       |     4 ||     4
  Use: Scroll            |     1 |     2 ||     3
 Stab: Sleeping          |     3 |     1 ||     4
Armor: Skin              |     2 |     8 ||    10
Dodge: Dodged            |    21 |    80 ||   101
